 Dungeon Crawl Stone Soup version 0.22-a0-603-gfc1114d (webtiles) character file.

119 sking99 the Ruffian (level 4, -1/37 HPs)
             Began as a Draconian Transmuter on July 7, 2018.
             Slain by a gnoll
             ... wielding a +1 whip of electrocution
              (13 damage)
             ... on level 3 of the Dungeon.
             The game lasted 00:04:01 (2474 turns).

sking99 the Ruffian (Draconian Transmuter)          Turns: 2474, Time: 00:04:02

Health: -1/37      AC:  5    Str: 13    XL:     4   Next: 73%
Magic:  5/7        EV:  6    Int: 14    God:
Gold:   150        SH:  0    Dex: 11    Spells: 4/7 levels left

rFire    . . .     SeeInvis .     - Unarmed
rCold    . . .     Gourm    .   (no shield)
rNeg     . . .     Faith    .   (armour unavailable)
rPois    .         Spirit   .   (helmet restricted)
rElec    .         Reflect  .   (no cloak)
rCorr    .         Harm     .   (no gloves)
MR       .....                  (no boots)
Stlth    +.........             (no amulet)
HPRegen  0.12/turn              (no ring)
MPRegen  0.10/turn              (no ring)

@: held
A: unfitting armour, cold-blooded, AC +5
a: no special abilities


You were on level 3 of the Dungeon.
You were hungry.

You visited 1 branch of the dungeon, and saw 3 of its levels.

You collected 150 gold pieces.

Inventory:

Missiles
 a - 51 arrows
Jewellery
 o - a +4 ring of evasion {unknown}
Wands
 l - a wand of enslavement (18)
 n - a wand of iceblast (6)
Scrolls
 f - 4 scrolls of identify {unknown}
 h - 2 scrolls of enchant weapon {unknown}
 i - 3 scrolls of magic mapping {unknown}
 j - a scroll of teleportation {unknown}
 k - a scroll of amnesia {unknown}
Potions
 b - 2 potions of heal wounds {unknown}
 d - 2 potions of might {unknown}
 e - 2 potions of curing {unknown}
 g - a potion of cancellation {unknown}
Comestibles
 c - 6 rations
 m - a chunk of flesh


   Skills:
 + Level 2.8 Fighting
 - Level 1.7 Dodging
 * Level 4.7 Unarmed Combat
 - Level 2.0 Spellcasting
 + Level 2.3 Transmutations


You had 4 spell levels left.
You knew the following spells:

 Your Spells              Type           Power        Failure   Level  Hunger
a - Beastly Appendage     Tmut           #.....       9%          1    ##.....
b - Sticks to Snakes      Tmut           #.......     14%         2    ###....

Your spell library contained the following spells:

 Spells                   Type           Power        Failure   Level  Hunger
 Spider Form              Tmut/Pois      #.........   41%         3    ####...
 Blade Hands              Tmut           #.........   94%         5    ######.
 Ice Form                 Ice/Tmut       #.......     82%         4    #####..


Dungeon Overview and Level Annotations

Branches:
Dungeon (3/15)

Altars:
Fedhas


Innate Abilities, Weirdness & Mutations

Your plain brown scales are hard. (AC +5)
You cannot fit into any form of body armour.
You are cold-blooded and may be slowed by cold attacks.


Message History

Confirm with . or Enter, or press ? or * to list all spells.
You create a snake!
You now have 51 arrows.
You swap places.
The gnoll barely misses your ball python.
Your ball python barely misses the gnoll.
Your ball python grabs the gnoll.
Your ball python constricts the gnoll.
There is an open door, spattered with blood here.
The gnoll hits your ball python with a whip of electrocution!
Lightning courses through your ball python!
Your ball python dies!
The gnoll throws a throwing net.
The throwing net hits you.
You become entangled in the net!
You see here a throwing net.
You struggle against the net.
You struggle against the net.
You struggle against the net.
The gnoll barely misses you.
You struggle against the net.
The gnoll hits you with a whip of electrocution.
You are electrocuted!
You die...

..## ##..##.#.##.##.# .##
##..#.#.##.##.# [.##
##..........##.#
.#.###......#.#...#.#######
.##(#..######.............#
.##..#.# #.#...#.#####.# .##.##.#
#.......# .##.##.# ####.#### ###
.......# #@# ...# ###.#### ##g##
....# #.# ##g).## ≈≈.≈. #.####
##.....## ###≈≈≈≈. #.##.##
##.......## ##.#.≈_.≈
###.#...####.......[.####...≈≈≈≈.
...........'.........'.......≈...
###.#...####.........####...##.##
#.##.## ##.......##.........#


You could see 2 gnolls.

Vanquished Creatures
  5 gnolls (D:3)
  2 adders (D:2)
  2 leopard geckos
  An orc (D:3)
  2 giant cockroaches
  10 goblins
  4 hobgoblins
  4 jackals (D:2)
  A quokka (D:3)
  3 ball pythons
  4 bats
  2 frilled lizards
  6 kobolds
  13 rats
59 creatures vanquished.

Vanquished Creatures (collateral kills)
  A rat (D:3)
1 creature vanquished.

Grand Total: 60 creatures vanquished

Notes
Turn   | Place    | Note
-------+----------+-------------------------------------------
     0 | D:1      | sking99 the Draconian Transmuter began the quest for the Orb.
     0 | D:1      | Reached XP level 1. HP: 16/16 MP: 3/3
   437 | D:1      | Reached XP level 2. HP: 16/23 MP: 5/5
   984 | D:1      | Learned a level 2 spell: Sticks to Snakes
  1076 | D:2      | Reached skill level 4 in Unarmed Combat
  1076 | D:2      | Reached XP level 3. HP: 21/29 MP: 3/6
  1924 | D:3      | Reached XP level 4. HP: 37/37 MP: 4/7
  2267 | D:3      | Found a blossoming altar of Fedhas.
  2474 | D:3      | Slain by a gnoll

Vault maps used:
D:1:      tarquinn_simple_flora_water_c
D:2:      first_ration, corexii_shack
D:3:      fedhas_altar_2

Skill      XL: |  1  2 |
---------------+-------+-----
Fighting       | 2 |  2.8
Unarmed Combat | 4 |  4.7
Dodging        | |  1.7
Spellcasting   | |  2.0
Transmutations | |  2.3

Action                   |  1- 3 |  4- 6 || total
-------------------------+-------+-------++-------
Melee: Unarmed           |   154 |    54 ||   208
       Tailslap          |     7 |    11 ||    18
       Punch             |     1 |     1 ||     2
       Headbutt          |     1 |       ||     1
 Cast: Beastly Appendage |     1 |       ||     1
       Sticks to Snakes  |     3 |     3 ||     6
 Stab: Sleeping          |     1 |       ||     1
       Distracted        |     1 |       ||     1
  Eat: Chunk             |     4 |     1 ||     5
Armor: Skin              |    45 |    12 ||    57
Dodge: Dodged            |    77 |    18 ||    95

Table legend:
 A = Spawn XP
 B = Non-spawn XP
 C = Spawn XP percentage of total XP
 D = Spawn monster count
 E = Non-spawn monster count
 F = Spawn count percentage of total count
 G = Total turns spent on level
                    A         B        C        D         E        F      G
               +---------+---------+-------+---------+---------+-------+---------
         Total |       0 |     170 |   0.0 |       0 |      60 |   0.0 |  2474
               +---------+---------+-------+---------+---------+-------+---------
           D:1 |       0 |      26 |   0.0 |       0 |      17 |   0.0 |  1190
           D:2 |       0 |      70 |   0.0 |       0 |      29 |   0.0 |   728
           D:3 |       0 |      74 |   0.0 |       0 |      14 |   0.0 |   556
               +---------+---------+-------+---------+---------+-------+---------
